Map: Dusk Towers

Players

Amane

  • Race: Protoss Protoss
  • League: Master

Pokebunny - Winner!

  • Race: Terran Terran
  • League: Grandmaster

VOD

Have the link to the VOD?

Description

Time

  • Played on: April 6, 2016, 12:01 a.m.
  • Length: 12:08
Show
View Real Time Build Order
Export as new Build Order

Amane Protoss 

Build Orders: 1 Gate Expand, Oracle Opening 

Get SALT Encoding   

  12  0:00  Probe (Chrono Boost)  
  13  0:11  Probe (Chrono Boost)  
  14  0:17  Pylon  
  14  0:22  Probe (Chrono Boost)  
  16  0:35  Probe (Chrono Boost)  
  16  0:37  Gateway  
  16  0:40  Assimilator  
  16  0:46  Probe (Chrono Boost)  
  17  0:57  Probe (Chrono Boost)  
  18  1:07  Probe (Chrono Boost)  
  19  1:18  Nexus  
  19  1:20  Probe (Chrono Boost)  
  20  1:31  Cybernetics Core  
  20  1:35  Probe (Chrono Boost)  
  20  1:39  Assimilator  
  21  1:46  Probe (Chrono Boost)  
  22  1:49  Pylon  
  22  1:57  Probe (Chrono Boost)  
  23  2:07  Adept (Chrono Boost), Probe (Chrono Boost)  
  26  2:09  Warp Gate  
  26  2:19  Stargate  
  26  2:20  Probe  
  27  2:31  Adept (Chrono Boost)  
  27  2:33  Probe x2  
  31  2:46  Probe x2 (Chrono Boost)  
  33  2:57  Probe (Chrono Boost)  
  34  2:59  Probe (Chrono Boost)  
  34  3:03  Oracle (Chrono Boost)  
  38  3:07  Probe (Chrono Boost)  
  38  3:09  Probe (Chrono Boost)  
  40  3:18  Probe x2  
  40  3:19  Nexus  
  42  3:23  Sentry  
  42  3:25  Pylon  
  44  3:29  Probe  
  44  3:30  Probe  
  46  3:42  Probe  
  46  3:43  Probe  
  46  3:46  Gateway x2  
  48  3:51  Mothership Core  
  48  3:52  Pylon  
  50  3:55  Probe  
  51  4:07  Probe  
  52  4:10  Assimilator  
  52  4:11  Probe  
  52  4:13  Forge  
  52  4:14  Assimilator  
  52  4:16  Twilight Council  
  53  4:20  Probe  
  53  4:21  Probe  
  53  4:22  Robotics Facility  
  55  4:32  Probe  
  55  4:33  Probe  
  55  4:36  Probe  
  55  4:37  Protoss Ground Weapons Level 1  
  58  4:40  Phoenix (Chrono Boost)  
  58  4:42  Adept x2  
  58  4:44  Probe x2  
  65  4:46  Adept  
  65  4:47  Probe  
  69  4:55  Probe  
  69  4:56  Probe  
  71  5:00  Resonating Glaives (Chrono Boost)  
  71  5:04  Probe  
  72  5:08  Pylon  
  72  5:11  Pylon  
  72  5:12  Pylon  
  72  5:19  Adept x2  
  76  5:25  Probe  
  77  5:39  Probe  
  77  5:40  Probe  
  79  5:46  Gateway  
  78  5:50  Adept x3  
  76  6:05  Probe  
  76  6:07  Immortal, Probe  
  82  6:13  Pylon  
  82  6:16  Probe  
  82  6:17  Protoss Ground Armor Level 1  
  82  6:18  Probe  
  84  6:19  Probe  
  84  6:24  Sentry x2, Gateway  
  89  6:27  Assimilator, Gateway, Probe  
  89  6:30  Pylon  
  89  6:31  Assimilator, Gateway  
  89  6:32  Pylon  
  90  6:33  Pylon  
  90  6:34  Pylon, Blink (Chrono Boost)  
  90  6:41  Pylon  
  90  6:43  Adept, Pylon  
  90  6:46  Probe  
  93  6:50  Stalker  
  93  6:51  Stalker x2  
  99  7:01  Probe  
  99  7:03  Probe  
  101  7:16  Stalker x3  
  101  7:17  Stalker  
  101  7:19  Probe  
  110  7:23  Probe  
  95  7:44  Adept x4  
  85  7:49  Probe  
  85  7:51  Immortal, Probe  
  94  7:57  Templar Archives  
  94  7:58  Stalker x2  
  99  7:59  Forge  
  99  8:01  Robotics Bay  
  97  8:09  Adept x5  
  105  8:30  Adept x4  
  105  8:31  Sentry x2  
  105  8:32  Protoss Ground Armor Level 2  
  105  8:33  Immortal  
  121  8:34  Probe  
  121  8:39  Gateway  
  121  8:40  Pylon  
  122  8:47  Probe  
  123  8:49  Pylon  
  123  8:50  Nexus, Psionic Storm  
  123  8:52  Protoss Ground Weapons Level 2  
  123  8:53  Pylon  
  123  9:07  Adept x5  
  123  9:08  Adept x2  
  137  9:13  Pylon  
  137  9:15  Pylon  
  137  9:33  Colossus  
  137  9:37  High Templar x2  
  147  9:39  Zealot x5  
  147  9:41  Probe  
  158  9:52  Assimilator  
  158  9:57  Assimilator  
  142  10:09  Stalker x5  
  142  10:10  Stalker x3  
  156  10:16  Probe  
  154  10:22  Probe x2  
  156  10:31  Probe  
  156  10:32  Probe  
  158  10:37  Adept x5  
  162  10:51  Colossus  
  144  11:07  Adept x6  
  144  11:08  Adept  
  112  11:18  Probe  
  112  11:22  High Templar  
  112  11:24  Probe  
  116  11:29  Gateway  
  116  11:33  High Templar  
  116  11:34  High Templar x2  
  116  11:37  Adept x4  
  116  11:38  Probe  
  128  11:55  Archon  
Show
View Real Time Build Order
Export as new Build Order

Pokebunny Terran - Winner!

Build Orders: Command Center First (CC), MMM Bio 

Get SALT Encoding   

  12  0:01  SCV  
  13  0:13  SCV  
  14  0:19  Supply Depot  
  14  0:25  SCV  
  15  0:41  SCV  
  16  0:53  SCV  
  17  1:00  Command Center  
  17  1:05  SCV  
  18  1:12  Barracks  
  18  1:17  SCV  
  19  1:27  Barracks  
  19  1:31  SCV  
  20  1:42  Barracks  
  20  1:45  SCV  
  21  1:59  Orbital Command, Marine  
  22  2:13  Orbital Command  
  22  2:16  Refinery  
  22  2:20  Refinery  
  22  2:22  Marine  
  23  2:24  Marine  
  24  2:30  SCV  
  24  2:31  Marine  
  26  2:40  Engineering Bay  
  26  2:42  SCV  
  26  2:43  SCV  
  28  2:45  Marine  
  28  2:48  Marine  
  28  2:50  Marine  
  31  2:58  Supply Depot, SCV  
  31  3:05  Factory  
  31  3:07  Barracks Tech Lab  
  31  3:11  SCV x2  
  33  3:12  Marine  
  33  3:15  Marine  
  35  3:20  Missile Turret  
  35  3:23  SCV  
  36  3:27  Stimpack  
  36  3:31  SCV  
  36  3:33  Marine  
  38  3:35  Marine, SCV  
  38  3:39  Missile Turret  
  40  3:42  Marine  
  40  3:47  SCV x2  
  43  3:53  Starport  
  43  3:56  Factory Reactor  
  43  3:57  Marine  
  44  4:06  SCV x2  
  46  4:12  Refinery  
  46  4:14  Supply Depot  
  46  4:15  Supply Depot  
  46  4:36  Marine x3, Medivac x2, SCV x2  
  46  4:37  Supply Depot  
  55  4:45  Terran Infantry Weapons Level 1  
  55  4:51  Command Center  
  55  4:59  Barracks Reactor, Barracks Tech Lab  
  55  5:01  Barracks Reactor  
  55  5:02  SCV x2  
  57  5:07  Barracks  
  57  5:11  Barracks  
  57  5:15  Marauder  
  57  5:18  SCV  
  57  5:20  SCV  
  61  5:28  Combat Shields  
  61  5:29  Supply Depot  
  61  5:35  SCV x2  
  63  5:43  Marine  
  63  5:44  Marine x2, Marauder  
  65  6:00  Marine  
  65  6:02  Barracks Tech Lab x2  
  64  6:07  Orbital Command, Marine x2  
  64  6:08  Marine, Marauder  
  69  6:15  Refinery, SCV  
  69  6:16  SCV  
  71  6:19  Supply Depot  
  71  6:22  Marine, Marauder x2  
  71  6:23  Concussive Shells  
  71  6:24  Marine  
  71  6:25  Marine  
  78  6:26  Marine  
  78  6:28  SCV x2  
  78  6:30  Orbital Command, Widow Mine  
  83  6:35  Marauder  
  83  6:39  Marine  
  85  6:40  Supply Depot, SCV x2  
  85  6:42  Supply Depot  
  85  6:43  Terran Infantry Armor Level 1  
  85  6:44  Marine, Marauder  
  85  6:45  Marine, Marauder  
  85  6:46  Marine  
  94  6:50  Supply Depot  
  95  6:56  Marauder  
  95  6:59  SCV x2  
  95  7:00  SCV  
  100  7:10  Marine x4  
  100  7:11  SCV x2, Marauder  
  100  7:12  Marauder  
  110  7:16  SCV  
  110  7:22  Marauder  
  113  7:23  SCV  
  113  7:24  SCV  
  101  7:33  Marauder  
  101  7:34  Marine  
  101  7:35  Marine x2, Marauder  
  96  7:46  Marine  
  96  7:47  Marauder  
  96  7:48  Medivac x2  
  103  7:52  Marine x2  
  103  7:53  Marine  
  103  7:54  Armory, Marauder  
  103  7:55  Engineering Bay, SCV x2  
  103  7:56  Barracks, SCV  
  103  7:57  Barracks  
  110  8:08  Marine, Marauder  
  110  8:09  Marauder  
  110  8:10  Marine x2, SCV  
  110  8:11  SCV  
  108  8:21  Marine, Marauder  
  107  8:30  Marauder, Medivac x2  
  113  8:34  Refinery x2  
  113  8:35  SCV x3  
  113  8:36  Command Center  
  113  8:38  Marine x3, Marauder  
  113  8:40  Widow Mine  
  123  8:41  Barracks  
  123  8:42  Terran Infantry Weapons Level 2  
  123  8:43  Marauder  
  123  8:47  Barracks Reactor, Barracks Tech Lab  
  123  8:48  Terran Infantry Armor Level 2  
  125  8:55  Missile Turret  
  125  9:12  Ghost Academy  
  125  9:16  Supply Depot  
  125  9:17  Supply Depot  
  125  9:19  Marine x2  
  125  9:20  Supply Depot, Marauder x3  
  133  9:33  Starport  
  133  9:34  Fusion Core  
  133  9:38  Widow Mine, Marine x2, Marauder  
  139  9:39  Marine  
  139  9:40  Barracks Tech Lab, Marine x3  
  139  9:43  Ghost  
  139  9:44  Ghost x2  
  149  9:50  Supply Depot x2  
  136  10:07  Ghost x2  
  136  10:08  Marine x4  
  136  10:09  Marine x2  
  136  10:13  Marauder  
  148  10:19  Ghost  
  148  10:20  Marauder  
  152  10:32  Widow Mine  
  152  10:34  Marauder  
  151  10:46  Ghost, Marine x2  
  151  10:47  Marine x3, Marauder x2  
  156  10:52  Ghost  
  156  10:53  Marine  
  156  10:56  Marauder  
  154  11:04  Marine  
  154  11:07  Marine x2  
  154  11:08  Marauder x2  
  128  11:16  Ghost  
  128  11:17  Marine x3, Marauder  
  129  11:20  Orbital Command  
  129  11:22  Marine, Marauder  
  129  11:25  Marine  
  133  11:28  Starport Tech Lab  
  139  11:45  Marine x5  
  139  11:46  Marauder x4  
Tags
 
Add a new tag
Caveats
  • Supply blocks, unpowered buildings, or Contaminate may cause inaccurate times.
  • Supply counts are checked every 10 seconds.